[Event "44th Chess Olympiad Open 2022"]
[Site "Chennai"]
[Date "2022.08.05"]
[Round "7.79"]
[White "Arnold Smith"]
[Black "Mutabazi Hugues"]
[Result "0-1"]
[WhiteElo "1931"]
[BlackElo "1666"]
[Annotator "NA RC"]
[PlyCount "130"]
[EventDate "2022.??.??"]
[TimeControl "60"]

1. e4 e5 2. Nf3 Nf6 3. d4 Nxe4 4. Bd3 d5 5. Nxe5 Nf6 6.
O-O Be7 7. Re1 O-O 8. Nd2 Nbd7 9. Ndf3 h6 10. h3 Re8 11. c4 c6 12. a3 Nxe5 13. dxe5 Nd7 14. cxd5 cxd5 15. Bb5 a6 16. Ba4 b5 17. Bb3 Nb6 18. Be3 Nc4 19. Bd4 Be6 20. Qd3 Rc8 21. Rad1 Qc7 22. Re2 Red8 23. h4 Qd7 24. Bc2 g6 25. Qb3 Kg7 26. h5 Qe8 27. hxg6 fxg6 28. Bd3 Qf7 29. Bxc4 dxc4 30. Qe3 Rd7 31. Red2 Kh7 32. Bc3 Bc5 33. Qe4 Rxd2 34. Rxd2 Bf5 35. Qh4 Qe7 36. Qg3 Rf8 37. Nh4 Bd3 38. Kh2 Qf7 39. Nf3 g5 40. Nd4 Qa7 41. Rxd3 Rd8 42. Rd1 Bxd4 43. Qf3 Bb6 44. Qf5+ Kg8 45. Rd6 Rxd6 46. exd6 Qf7 47. Qe5 Qf4+ 48. Qxf4 gxf4 49. Be5 Kf7 50. Bxf4 Bxf2 51. Bxh6 Bd4 52. Bc1 Ke6 53. g3 Kxd6 54. Kg2 Kd5 55. Kf3 Be5 56. g4 Kd4 57. Ke2 Ke4 58.
Kd1 Kd3 59. g5 a5 60. g6 Bg7 61. Bg5 Bxb2 62. Bh6 c3 63. Bc1 c2+ 64. Ke1 Bxc1 65. g7 Be3 0-1

[Event "44th Chess Olympiad Open 2022"]
[Site "Chennai"]
[Date "2022.08.05"]
[Round "7.79"]
[White "Barcon, Harmon"]
[Black "Muheto, Dieudonne"]
[Result "1-0"]
[WhiteElo "1902"]
[BlackElo "1830"]
[Annotator "NA RC"]
[PlyCount "71"]
[EventDate "2022.??.??"]
[TimeControl "60"]

1. e4 d5 2. exd5 Qxd5 3. Nf3 Nf6 4. Nc3 Qd8 5. d4 g6 6. Bc4 Bg7 7. h3 O-O 8. O-O Nbd7 9. Be3 Nb6 10. Bb3 Nfd5 11. Nxd5 Nxd5 12. Bd2 c6 13. Re1 a5 14. c3 Bf5 15. Bg5 Re8 16. Nh4 Be6 17. Qd2 a4 18.
Bc2 Qd7 19. Rad1 Bxh3 20. gxh3 Qxh3 21. Qd3 Qg4+ 22. Qg3 Qh5 23. Be4 f6 24. Bc1 g5 25. Nf5 Ra5 26. Nxg7 Kxg7 27. Kg2 h6 28. Rh1 Qf7 29. c4 Nb6 30. Rxh6 Qe6 31. Rh7+ Kg8 32. Bg6 Rf8 33. Rdh1 Nd7 34. Bd3 b6 35. R1h6 Rf5 36. Qh3 1-0

[Event "44th Chess Olympiad Open 2022"]
[Site "Chennai"]
[Date "2022.08.05"]
[Round "7.79"]
[White "Elvis Havyarimana"]
[Black "Joel O. Ebiekuta"]
[Result "0-1"]
[WhiteElo "1724"]
[BlackElo "1848"]
[Annotator "NA RC"]
[PlyCount "94"]
[EventDate "2022.??.??"]
[TimeControl "60"]

1. d4 Nf6 2. c4 g6 3. Nc3 Bg7 4. e4 d6 5. f4 e6 6. Nf3 b6 7. Bd3 Bb7 8. O-O O-O 9. e5 Ne8 10. Be3 Nd7 11. Qe1 c5 12. d5 exd5 13. cxd5 dxe5 14. fxe5 Nxe5 15. Nxe5 Bxe5 16. Bh6 Bd4+ 17. Kh1 Ng7 18. Rf3 Bxd5 19. Nxd5 Qxd5 20. Be4 Qd7 21. Bxa8 Rxa8 22. Rd1 Re8 23. Qd2 Qe6 24. b3 Nf5 25. Rdf1 Nxh6 26. Qxh6 f5 27. h3 Qe7 28. Qd2 Qh4 29. Qd3 Re4 30. Qc4+ Kg7 31. Qd5 Re5 32. Qd7+ Qe7 33. Qb5 Qb7 34. a4 Qe7 35. Qc4 h5 36. Rd1 Re4 37. Qd3 Qf6 38. Rff1 Qe6 39. Qd2 Qxb3 40. a5 Qe6 41. axb6 axb6 42. Rf3 b5 43. Ra3 b4 44. Ra7+ Kf6 45. Qd3 c4 46. Qg3 h4 47. Qc7 Re1+ 0-1

[Event "44th Chess Olympiad Open 2022"]
[Site "Chennai"]
[Date "2022.08.05"]
[Round "7.80"]
[White "Pereira, Sergio Murilo de Ar"]
[Black "Mohamed Ali Djama"]
[Result "1-0"]
[WhiteElo "2093"]
[BlackElo "1629"]
[Annotator "NA RC"]
[PlyCount "71"]
[EventDate "2022.??.??"]
[TimeControl "60"]

1. e4 e5 2. Nf3 Nc6 3. Bc4 Nf6 4. d3 Bc5 5. O-O d6 6. c3 Bg4 7. b4 Bb6 8. h3 h5 9. hxg4 hxg4 10. Ng5 Qe7 11. Bxf7+ Qxf7 12. Nxf7 Kxf7 13. Be3 Rh5 14. Re1 Rah8 15. Kf1 Rh1+ 16. Ke2 R1h2 17. Bxb6 axb6 18. Rg1 d5 19. Nd2 Nh5 20. g3 d4 21. b5 Ne7 22. cxd4 Ng6 23. Rc1 Rf8 24. Qb3+ Ke8 25. Qe6+ Kd8 26. Kd1 Rfxf2 27. Nc4 Ngf4 28. gxf4 g3 29. Qd5+ Ke7 30. Qxe5+ Kf8 31. f5 Nf4 32. f6 gxf6 33. Qxf6+ Ke8 34. Nd6+ Kd7 35. Qf7+ Kxd6 36. e5# 1-0

[Event "44th Chess Olympiad Open 2022"]
[Site "Chennai"]
[Date "2022.08.05"]
[Round "7.80"]
[White "Espirito Santo, Waldyr"]
[Black "Mohamed Ali Dima"]
[Result "1-0"]
[WhiteElo "1922"]
[BlackElo "1582"]
[Annotator "NA RC"]
[PlyCount "103"]
[EventDate "2022.??.??"]
[TimeControl "60"]

1. e4 d5 2. exd5 Nf6 3. d4 Nxd5 4. Bc4 Nc6 5. Ne2 e6 6. O-O Bd6 7. Nd2 O-O 8. Nf3 Nce7 9. Bg5 Qe8 10. Re1 b5 11. Bd3 Bb7 12. c3 Ng6 13.
Qc2 f5 14. Ng3 Nde7 15. Rxe6 Bxf3 16. gxf3 Qc6 17. Bxe7 Nxe7 18. Rae1 Rae8 19. Qe2 a6 20. c4 f4 21. Nf1 Rf6 22. c5 Qd5 23. Rxf6 Qg5+ 24. Kh1 gxf6 25. Nd2 Kh8 26. cxd6 Rg8 27. Qf1 Ng6 28. Bxg6 Qxg6 29. d7 Rd8 30. Re7 c6 31. Qe1 Rg8 32. Qf1 Qh5 33. b4 Qg6 34. a3 Qh5 35. Re8 Rxe8 36. dxe8=Q+ Qxe8 37. Ne4 Qe6 38. Qg2 Qb3 39. Qh3 Qd1+ 40. Kg2 Qxd4 41. Qh6 Qd8 42. Nxf6 Qe7 43. Qg5 Qg7 44. Qxg7+ Kxg7 45. Nh5+ Kf7 46. Nxf4 Kf6 47. Nd3 Ke6 48. Nc5+ Kd5 49. Nxa6 Kc4 50. f4 Kb3 51. f5 Kxa3 52. f6 1-0

[Event "44th Chess Olympiad Open 2022"]
[Site "Chennai"]
[Date "2022.08.05"]
[Round "7.82"]
[White "Masiala Mayuku, Eddy"]
[Black "Herrera, Adrian"]
[Result "0-1"]
[WhiteElo "1574"]
[BlackElo "1563"]
[Annotator "NA RC"]
[PlyCount "86"]
[EventDate "2022.??.??"]
[TimeControl "60"]

1. d4 e6 2. g3 Nf6 3. Nf3 c5 4. Bg2 cxd4 5. Qxd4 Nc6 6. Qd1 d5 7. c3 Bc5 8. e3 O-O 9. O-O Qc7 10. Re1 e5 11. b4 Be7 12. Bb2 e4 13.
Nd4 Ne5 14. Qd2 Nd3 15. Rf1 Nd7 16. a4 N7e5 17. Na3 Bd7 18.
a5 a6 19. f3 f5 20. f4 Ng4 21. h3 Nxe3 22. Qxe3 Nxb2 23. Rac1 Nd3 24. Rc2 b6 25. axb6 Qxb6 26. Rb1 Rfc8 27. Kh2 a5 28. bxa5 Qxa5 29. Nab5 Rab8 30. Bf1 Bxb5 31. Bxd3 Bxd3 32. Rxb8 Rxb8 33. Rf2 Bc5 34. g4 Qxc3 35. Qg3 Qxd4 36. Rg2 Rb2 37. Rxb2 Qxb2+ 38. Qg2 Qxg2+ 39. Kxg2 e3 40. gxf5 e2 41. f6 e1=Q 42. fxg7 Be4+ 43. Kh2 Bg1# 0-1

[Event "44th Chess Olympiad Open 2022"]
[Site "Chennai"]
[Date "2022.08.05"]
[Round "7.83"]
[White "Kamara, Ansumana"]
[Black "Hlophe, Smilo"]
[Result "0-1"]
[WhiteElo "1896"]
[BlackElo "1731"]
[Annotator "NA RC"]
[PlyCount "74"]
[EventDate "2022.??.??"]
[TimeControl "60"]

1. e4 e5 2. Nf3 Nf6 3. Nc3 Nc6 4. Bb5 Bc5 5. O-O O-O 6. d3 a6 7. Bxc6 dxc6 8. Nxe5 Re8 9. Nf3 Bg4 10. h3 Bh5 11. Bg5 h6 12. Be3 Bf8 13.
Re1 c5 14. Ne2 Bxf3 15. gxf3 Qd7 16. Kh2 Rad8 17. Rg1 g6 18. f4 Kh7 19. Ng3 c4 20. e5 Ng8 21. dxc4 Qe6 22. Qe2 Rd7 23.
Rad1 Red8 24. b3 h5 25. Rxd7 Qxd7 26. Qf3 c6 27. f5 Nh6 28. e6 Qe8 29. exf7 Qxf7 30. fxg6+ Qxg6 31. Nxh5 Bd6+ 32. Kh1 Qf5 33. Rg7+ Kh8 34. Qxf5 Nxf5 35. Rxb7 Be5 36. Rb6 Rd1+ 37. Kg2 Nh4# 0-1

[Event "44th Chess Olympiad Open 2022"]
[Site "Chennai"]
[Date "2022.08.05"]
[Round "7.83"]
[White "Lwebuga, Ronald"]
[Black "Dlamini Simphiwe"]
[Result "0-1"]
[WhiteElo "1818"]
[BlackElo "1569"]
[Annotator "NA RC"]
[PlyCount "182"]
[EventDate "2022.??.??"]
[TimeControl "60"]

1. d4 c6 2. c4 d5 3. Nc3 Nf6 4. Nf3 dxc4 5. a4 Bf5 6. e3 e6 7. Bxc4 Bb4 8. Qb3 a5 9. Bd2 O-O 10. O-O Qe7 11. Rfe1 Ne4 12. Nxe4 Bxe4 13. Bxb4 Qxb4 14. Qxb4 axb4 15. Nd2 Bg6 16. a5 Rd8 17. Rec1 Nd7 18. Nb3 Ra7 19. Ra4 b5 20. Rxb4 bxc4 21. Rbxc4 Be4 22. Nd2 Bd5 23. Ra4 f5 24. f3 Nf6 25. Re1 e5 26. dxe5 Nd7 27. f4 Nc5 28.
Ra3 Rb8 29. Rb1 Ne4 30. Nf3 Nc5 31. Nd2 Ne4 32. Nf3 Nc5 33.
Nd2 Nb3 34. Nxb3 Rxb3 35. Rxb3 Bxb3 36. Ra1 Kf7 37. Kf1 Ke6 38. Ke1 Rd7 39. Ra3 Bc4 40. Rc3 Bb5 41. b4 h5 42. Ra3 h4 43.
Ra2 Ba6 44. Rc2 Bb5 45. Ra2 Ba6 46. Rc2 Bb5 47. Ra2 Ke7 48.
Ra1 Kf7 49. Ra2 g6 50. Ra1 Ke6 51. Ra2 g5 52. Ra1 gxf4 53. exf4 Bc4 54. Rc1 Bb5 55. Ra1 Bc4 56. Rc1 Bd5 57. g3 hxg3 58. hxg3 Rh7 59. Rc3 Rh1+ 60. Kd2 Rb1 61. Ra3 Rxb4 62. a6 Rb8 63. a7 Ra8 64. Kc3 Kd7 65. Kd4 Kc7 66. Kc5 Kb7 67. Kd6 Rxa7 68. Rxa7+ Kxa7 69. e6 Kb6 70. Ke5 Kc7 71. Kxf5 Kd6 72. e7 Kxe7 73. Ke5 Bf7 74. f5 c5 75. g4 c4 76. Kd4 Kf6 77. Ke4 Kg5 78. Kf3 Bg8 79. Ke4 Kxg4 80.
f6 Kg5 81. Kd4 Kxf6 82. Ke4 Ke6 83. Kd4 Kd6 84. Kc3 Kc5 85.
Kc2 Kd4 86. Kd2 Bh7 87. Kd1 Kc3 88. Kc1 Bg8 89. Kb1 Bd5 90.
Kc1 Ba8 91. Kb1 Kd2 0-1

[Event "44th Chess Olympiad Open 2022"]
[Site "Chennai"]
[Date "2022.08.05"]
[Round "7.83"]
[White "Sihlongonyane, Sikhanyiso"]
[Black "Winston Gerald, Mansfield Thomas"]
[Result "1-0"]
[WhiteElo "1658"]
[BlackElo "1832"]
[Annotator "NA"]
[PlyCount "133"]
[EventDate "2022.??.??"]
[TimeControl "60"]

1. e4 d6 2. d4 Nf6 3. Nc3 c6 4. f4 Qa5 5. Bd3 Nbd7 6. Nf3 e5 7. h3 Be7 8. Be3 Qc7 9. O-O a6 10. Qe1 b5 11. a3 Bb7 12. b4 Nh5 13. Ne2 Nhf6 14. c3 d5 15.
Nxe5 dxe4 16. Bc2 Nd5 17. Ng3 Bh4 18. Bxe4 N7f6 19. Bxd5 cxd5 20. Bf2 O-O 21. Qe3 Bxg3 22. Bxg3 Ne4 23. Rfc1 Rfe8 24. Qd3 Rac8 25. Rc2 f6 26. Ng4 Qc4 27. Qxc4 Rxc4 28. Be1 Nd6 29. Rac1 Bc8 30. Nf2 Bf5 31. Ra2 Rc7 32. g4 Rce7 33. Kf1 Bc8 34. Bd2 Nc4 35. f5 g6 36. fxg6 hxg6 37. Bf4 g5 38. Bh2 Re3 39. a4 bxa4 40.
Rxa4 Nd2+ 41. Kg2 Re2 42. Ra2 Nc4 43. Rxe2 Rxe2 44. Kf1 Ra2 45. Bg3 f5 46. gxf5 Bxf5 47. h4 g4 48. Bf4 Nd2+ 49. Bxd2 Rxd2 50. Kg2 Re2 51. Ra1 Re3 52. Rxa6 Rxc3 53. Nxg4 Kg7 54. Ne5 Be4+ 55. Kh2 Rb3 56. Rb6 Bf5 57. Rb7+ Kh6 58. Rb8 Rh3+ 59. Kg2 Rxh4 60. Nc6 Kg7 61. b5 Bd3 62. Kf3 Rh1 63. Kf4 Re1 64. b6 Bb5 65. Rc8 Re4+ 66. Kf5 Bxc6 67. Rxc6 1-0

[Event "44th Chess Olympiad Open 2022"]
[Site "Chennai"]
[Date "2022.08.05"]
[Round "7.83"]
[White "Nxumalo, Vuyo"]
[Black "Adeshole Beckley, Brian"]
[Result "1-0"]
[WhiteElo "1493"]
[BlackElo "1590"]
[Annotator "NA RC"]
[PlyCount "60"]
[EventDate "2022.??.??"]
[TimeControl "60"]

1. e4 e6 2. Nf3 d5 3. exd5 exd5 4. d4 Bd6 5. Bd3 Ne7 6. O-O O-O 7. h3 Bf5 8. Re1 Bg6 9. Bg5 f6 10. Be3 Nd7 11. Nh4 c6 12. Nxg6 Nxg6 13.
Qg4 Qe8 14. Nd2 Qf7 15. Bf5 Rae8 16. Bxd7 f5 17. Bxe8 Rxe8 18. Qh5 f4 19. Bxf4 Rxe1+ 20. Rxe1 Qxf4 21. Nf3 Nf8 22. g3 Qf6 23. Kg2 g6 24. Qg4 h5 25. Qg5 Kg7 26. h4 Nh7 27. Qxf6+ Nxf6 28. Ng5 b6 29. Re6 Bf8 30. Rxc6 Be7 1-0

[Event "44th Chess Olympiad Open 2022"]
[Site "Chennai"]
[Date "2022.08.05"]
[Round "7.84"]
[White "Tan, Santiago Jr"]
[Black "Nevska, Gerda"]
[Result "1-0"]
[WhiteElo "1872"]
[BlackElo "1840"]
[Annotator "NA RC"]
[PlyCount "93"]
[EventDate "2022.??.??"]
[TimeControl "60"]

1. e4 g6 2. d4 Bg7 3. Bc4 d6 4. Nf3 e6 5. O-O Ne7 6. c3 Nd7 7. Bg5 h6 8. Bh4 O-O 9. Nbd2 Qe8 10. Re1 a6 11. h3 b5 12. Bb3 Bb7 13. Rc1 c5 14. Bg3 c4 15.
Bc2 e5 16. Nf1 f5 17. exf5 Nxf5 18. dxe5 dxe5 19. Qe2 Nxg3 20.
fxg3 Qe6 21. N1h2 Rae8 22. Rf1 Nc5 23. Qe3 Qc6 24. Rcd1 Nd3 25.
b3 Re6 26. Bxd3 cxd3 27. Rxd3 e4 28. Nd4 Rxf1+ 29. Nxf1 exd3 30. Qxe6+ Qxe6 31. Nxe6 Bxc3 32. Kf2 b4 33. Ne3 a5 34. Nc5 Bc6 35.
Nxd3 Bd4 36. Ne1 Be4 37. Ke2 Be5 38. Nc4 Bc7 39. Nd2 Bd5 40.
g4 Kf7 41. Nef3 Ke6 42. h4 Bb7 43. Ke3 Kd5 44. Nc4 Ba6 45.
Kd3 Bc8 46. Nd4 Bg3 47. Nb6+ 1-0

[Event "44th Chess Olympiad Open 2022"]
[Site "Chennai"]
[Date "2022.08.05"]
[Round "7.84"]
[White "Brookfield, Toby"]
[Black "Salvadora, Angelo"]
[Result "1-0"]
[WhiteElo "1815"]
[BlackElo "1711"]
[Annotator "NA RC"]
[PlyCount "55"]
[EventDate "2022.??.??"]
[TimeControl "60"]

1. e4 e5 2. f4 exf4 3. Bc4 Qh4+ 4. Kf1 Bc5 5. d4 Bb6 6. Nf3 Qf6 7. Nc3 Ne7 8. Ne2 Ng6 9. Qd3 d6 10. h4 h5 11. c3 Nc6 12. g3 Na5 13. Bxf4 Bg4 14. e5 dxe5 15. dxe5 Qc6 16. Bb5 Bxf3 17. Bxc6+ Bxc6 18. Rh2 Rd8 19. Nd4 a6 20. Qf5 Nxf4 21. gxf4 Nc4 22. Re1 Bxd4 23. cxd4 Bb5 24. Kg1 Rh6 25. Rg2 Bd7 26. Qg5 Rh7 27. e6 Bxe6 28. Rxe6+ 1-0

[Event "44th Chess Olympiad Open 2022"]
[Site "Chennai"]
[Date "2022.08.05"]
[Round "7.85"]
[White "Charles, Cleophas"]
[Black "Smith, Michael A"]
[Result "0-1"]
[WhiteElo "1593"]
[BlackElo "1840"]
[Annotator "NA RC"]
[PlyCount "92"]
[EventDate "2022.??.??"]
[TimeControl "60"]

1. e4 d6 2. d4 e5 3. dxe5 dxe5 4. Qxd8+ Kxd8 5. Nf3 Nc6 6. Bc4 Ke8 7. Nc3 Bb4 8. Bd2 Nge7 9. Nb5 Bd6 10. Ng5 Be6 11. Bxe6 fxe6 12. Nxe6 Kd7 13. Nxg7 Bc5 14. O-O-O Rag8 15. Bh6+ Kc8 16.
f3 a6 17. Nc3 Nd4 18. Nd5 Nxd5 19. exd5 Bf8 20. c3 Nxf3 21. gxf3 Bxg7 22. Bxg7 Rxg7 23. Rhe1 Re8 24. Re3 Kd7 25. Kc2 Kd6 26. Rd2 Rge7 27. b3 Rf8 28. a4 b5 29. a5 Rf4 30. b4 Ref7 31. Rdd3 Rg7 32. Re2 Rgf7 33. Ree3 h5 34. Kd2 h4 35. Ke2 h3 36. Re4 Rg7 37. Ke3 Rgf7 38.
Rxf4 Rxf4 39. Ke2 Rf7 40. Ke3 Rf4 41. Rd2 Rc4 42. Rd3 Rf4 43.
Ke2 Rf7 44. Ke3 Rf4 45. Kf2 e4 46. Ke3 exd3 0-1

[Event "44th Chess Olympiad Open 2022"]
[Site "Chennai"]
[Date "2022.08.05"]
[Round "7.85"]
[White "Veer Gandhi"]
[Black "Conhoff, David"]
[Result "1-0"]
[WhiteElo "1545"]
[BlackElo "1460"]
[Annotator "NA"]
[PlyCount "63"]
[EventDate "2022.??.??"]
[TimeControl "60"]

1. e4 e5 2. Nf3 Nc6 3. Bc4 Bc5 4. d3 Nf6 5. Nc3 O-O 6. Bg5 h6 7. Bh4 Bb4 8. a3 Bxc3+ 9. bxc3 g5 10. Bg3 Re8 11. Qe2 d5 12. Ba2 d4 13.
Qd2 a5 14. h3 a4 15. Nh2 Kg7 16. f3 Qd6 17. Bc4 Na7 18. cxd4 Qxd4 19. c3 Qd6 20. d4 Nc6 21. dxe5 Qxd2+ 22. Kxd2 Nxe5 23. Ba2 c5 24. Ng4 Nexg4 25. hxg4 b5 26. Rab1 Rb8 27. Bxb8 Ba6 28. Bg3 Rd8+ 29. Ke3 Ng8 30. Rhd1 Re8 31. Rd7 Kg6 32. Bxf7+ 1-0

[Event "44th Chess Olympiad Open 2022"]
[Site "Chennai"]
[Date "2022.08.05"]
[Round "7.85"]
[White "Hair, Justin M"]
[Black "Mdoe, Yusuf"]
[Result "0-1"]
[WhiteElo "1505"]
[BlackElo "1722"]
[Annotator "NA"]
[PlyCount "86"]
[EventDate "2022.??.??"]
[TimeControl "60"]

1. e4 c6 2. d4 d5 3. Nc3 a6 4. Bf4 g6 5. Bd3 Bg7 6. Nge2 Nf6 7. Qd2 dxe4 8.
Nxe4 Nxe4 9. Bxe4 Nd7 10. Bh6 Bxh6 11. Qxh6 Nf6 12. Bf3 Be6 13. h4 Qa5+ 14. c3 Qb5 15. Qd2 h5 16. Nf4 Bg4 17. Bxg4 hxg4 18. g3 g5 19. Ng2 Qd5 20. O-O Ne4 21. Qe2 f5 22. Rfe1 Qd7 23.
hxg5 O-O-O 24. Nh4 e6 25. g6 Qg7 26. Rad1 Rh5 27. Qc4 Qf6 28.
Re3 Kb8 29. Rde1 Rdh8 30. Kf1 Rxh4 31. gxh4 Qxh4 32. Rxe4 Qh1+ 33. Ke2 Qxe4+ 34. Kd1 Rh1 35. Qe2 Qb1+ 36. Kd2 Qxb2+ 37. Kd1 Qb1+ 38. Kd2 Qxa2+ 39. Ke3 Rxe1 40. Qxe1 e5 41. Qh1 f4+ 42. Kd3 e4+ 43. Qxe4 Qb1+ 0-1

[Event "44th Chess Olympiad Open 2022"]
[Site "Chennai"]
[Date "2022.08.05"]
[Round "7.86"]
[White "Chinasamy, Devarajen"]
[Black "Senglek, Khonsavanh"]
[Result "0-1"]
[WhiteElo "1970"]
[BlackElo "1253"]
[Annotator "NA RC"]
[PlyCount "68"]
[EventDate "2022.??.??"]
[TimeControl "60"]

1. d4 e6 2. Nc3 d5 3. Bf4 Bd6 4. Bg3 a6 5. e3 Nf6 6. Nf3 O-O 7. Bd3 c5 8.
dxc5 Bxc5 9. O-O Nc6 10. a3 Bd6 11. Bh4 Be7 12. Bg3 Qb6 13.
Qd2 Nh5 14. Bh4 Qd8 15. Bxe7 Qxe7 16. Na4 Qd8 17. b4 Nf6 18. Rad1 Na7 19. Qe2 Bd7 20. Nc5 b6 21. Nxa6 Qc8 22. Ne5 Ba4 23. Rc1 Qc3 24. Ra1 Qxe5 25. b5 Ne4 26. f4 Qd6 27. Bxe4 dxe4 28. c4 Qd3 29. Rf2 Bb3 30. Rc1 Rfc8 31. Nb4 Qxe2 32. Rxe2 Nxb5 33. Rb2 Bxc4 34. Nc2 Bd3 0-1

[Event "44th Chess Olympiad Open 2022"]
[Site "Chennai"]
[Date "2022.08.05"]
[Round "7.87"]
[White "Bongo Akanga Ndjila, Barthelemy"]
[Black "Dalliah, Joseph"]
[Result "1-0"]
[WhiteElo "1803"]
[BlackElo "1920"]
[Annotator "NA RC"]
[PlyCount "77"]
[EventDate "2022.??.??"]
[TimeControl "60"]

1. d4 d5 2. c4 c6 3. Nc3 Nf6 4. e3 e6 5. Qc2 g6 6. Nf3 Bg7 7. e4 dxe4 8.
Nxe4 Nxe4 9. Qxe4 O-O 10. Bd2 Nd7 11. O-O-O a5 12. h4 Nf6 13. Qf4 h5 14. Ne5 Nd7 15. Nxd7 Bxd7 16. f3 Qf6 17. Be3 Qxf4 18. Bxf4 b5 19. g4 bxc4 20. Bxc4 hxg4 21. fxg4 e5 22. dxe5 Bxg4 23. Rd6 Bf3 24. Rh3 Be4 25. h5 Rfd8 26. hxg6 Rxd6 27. Bxf7+ Kf8 28. exd6 Rd8 29. Ra3 Ra8 30. Re3 Bf5 31. Rb3 Bf6 32. Bh6+ Bg7 33. Bg5 Be5 34. Bh6+ Bg7 35. Bf4 Bf6 36. Rb6 Rc8 37. Rb7 Bg7 38. d7 Rd8 39. Bd6# 1-0

[Event "44th Chess Olympiad Open 2022"]
[Site "Chennai"]
[Date "2022.08.05"]
[Round "7.87"]
[White "Garber, Ousainou"]
[Black "Bongo Ngombele, Tary"]
[Result "0-1"]
[WhiteElo "1772"]
[BlackElo "1688"]
[Annotator "NA RC"]
[PlyCount "112"]
[EventDate "2022.??.??"]
[TimeControl "60"]

1. e4 e5 2. Nf3 Nc6 3. Nc3 Nf6 4. h3 Bb4 5. d3 h6 6. a3 Be7 7. Be2 d5 8. exd5 Nxd5 9. Nxd5 Qxd5 10. O-O O-O 11. b4 a5 12. c4 Qd6 13. b5 Nd4 14. Nxd4 Qxd4 15. Be3 Qd6 16. c5 Qg6 17. Bh5 Qe6 18. Re1 Rd8 19. Rc1 Qd5 20. Be2 f5 21. f3 Bh4 22. Rf1 f4 23. d4 Qf7 24. Bc4 Be6 25.
Bxe6 Qxe6 26. Bf2 Bxf2+ 27. Rxf2 Rxd4 28. Qc2 a4 29. Re2 Qb3 30. Qg6 Rd1+ 31. Rxd1 Qxd1+ 32. Kf2 Qd4+ 33. Kf1 Qxc5 34. Qe6+ Kh8 35. Rxe5 Qxa3 36. Kg1 Qd6 37. Qf5 a3 38. Re1 a2 39. Kh2 a1=Q 40. Rxa1 Rxa1 41. Qc8+ Kh7 42. Qxb7 Qg6 43. Qe4 Qxe4 44. fxe4 h5 45. g4 Kh6 46. Kg2 hxg4 47. hxg4 Kg5 48. e5 Kxg4 49. Kf2 Ra5 50. e6 Rxb5 51. e7 Re5 52. e8=Q Rxe8 53. Kg2 Re2+ 54. Kf1 Kf3 55. Kg1 Ra2 56. Kh1 Kg3 0-1

[Event "44th Chess Olympiad Open 2022"]
[Site "Chennai"]
[Date "2022.08.05"]
[Round "7.88"]
[White "Stratonowitsch, Andre"]
[Black "Faulks, Nick"]
[Result "1-0"]
[WhiteElo "2142"]
[BlackElo "1820"]
[Annotator "NA"]
[PlyCount "57"]
[EventDate "2022.??.??"]
[TimeControl "60"]

1. e4 c5 2. Nf3 e6 3. d4 cxd4 4. Nxd4 Nc6 5. Nc3 Qc7 6. Ndb5 Qb8 7. Be3 a6 8. Nd4 Nf6 9. Be2 Bb4 10. Nxc6 bxc6 11. O-O Bxc3 12. bxc3 Nxe4 13. Bf3 Nf6 14. Bc5 d5 15. Qd4 e5 16. Qh4 h6 17. Rfe1 Be6 18. Qg3 g5 19. Rxe5 Nd7 20. Rxe6+ fxe6 21. Bd6 Qb2 22. Bh5+ Kd8 23. Re1 Qxc2 24. h3 Nf6 25. Qe5 Ne4 26. Rxe4 Qxe4 27. Qf6+ Kc8 28. Qxh8+ Kb7 29. Qg7+ 1-0

[Event "44th Chess Olympiad Open 2022"]
[Site "Chennai"]
[Date "2022.08.05"]
[Round "7.88"]
[White "Pillay, Ragul"]
[Black "Gontcharov, Dimitri"]
[Result "1-0"]
[WhiteElo "1341"]
[BlackElo "1448"]
[Annotator "NA"]
[PlyCount "93"]
[EventDate "2022.??.??"]
[TimeControl "60"]

1. d4 d5 2. c4 e6 3. Nc3 Nf6 4. Bg5 Be7 5. Nf3 O-O 6. e3 b6 7. Be2 Bb7 8. O-O Nbd7 9. Rc1 Rc8 10. Bf4 a6 11. cxd5 exd5 12. Ne5 c5 13.
Bd3 Nxe5 14. Bxe5 Bd6 15. Bxd6 Qxd6 16. Ne2 c4 17. Bf5 Rc7 18. Nf4 Bc8 19. Bb1 Bd7 20. Qf3 Re8 21. Rc3 a5 22. Qg3 Ne4 23. Bxe4 Rxe4 24. Nxd5 Qxg3 25. hxg3 Rc6 26. f3 Re8 27. e4 b5 28. Rfc1 Kf8 29. b3 Rec8 30. bxc4 Rxc4 31. Rxc4 Rxc4 32. Rxc4 bxc4 33. Nc3 Ke7 34. Kf2 Kd6 35. Ke3 f6 36. f4 Bg4 37. e5+ fxe5 38. fxe5+ Ke6 39. Ke4 Bf5+ 40. Kf4 Bd3 41. d5+ Ke7 42. g4 h6 43. g5 h5 44. e6 Bg6 45. Ke5 h4 46. d6+ Kd8 47. d7 1-0

[Event "44th Chess Olympiad Open 2022"]
[Site "Chennai"]
[Date "2022.08.05"]
[Round "7.89"]
[White "Terubea, Ronald"]
[Black "de Araujo, Helder"]
[Result "0-1"]
[WhiteElo "1742"]
[BlackElo "1742"]
[Annotator "NA"]
[PlyCount "102"]
[EventDate "2022.??.??"]
[TimeControl "60"]

1. Nc3 d5 2. d4 Nf6 3. Nf3 g6 4. Bf4 c6 5. g3 Bg7 6. Bg2 O-O 7. O-O Na6 8. Re1 Nc7 9. e4 dxe4 10. Nxe4 Ncd5 11. Be5 Nxe4 12. Bxg7 Nxf2 13. Kxf2 Kxg7 14. Qe2 Bf5 15. a3 e6 16. h3 h5 17. Rad1 Qf6 18. c3 g5 19. Qd2 g4 20. hxg4 hxg4 21. Qg5+ Qxg5 22. Nxg5 Kg6 23. Ne4 Rad8 24. Nc5 b6 25. Nd3 f6 26. c4 Ne7 27. d5 cxd5 28. cxd5 Nxd5 29. Bxd5 exd5 30. Re7 Bxd3 31. Rxd3 Rf7 32. Rxf7 Kxf7 33. Ke3 Kg6 34. Kd4 Kg5 35. Re3 Rd7 36. Re8 f5 37. a4 Kf6 38. Rh8 Kg7 39. Rh5 Kg6 40. Rh8 Rh7 41. Rg8+ Rg7 42. Rf8 Rf7 43. Rg8+ Kh7 44. Rg5 f4 45. Rxg4 f3 46. Rh4+ Kg6 47. Rh1 Kg5 48. Ke3 f2 49. Rf1 d4+ 50. Ke2 d3+ 51. Kxd3 Kg4 0-1

[Event "44th Chess Olympiad Open 2022"]
[Site "Chennai"]
[Date "2022.08.05"]
[Round "7.89"]
[White "da Conceicao, Marcos"]
[Black "Prasad, Rudr"]
[Result "0-1"]
[WhiteElo "1713"]
[BlackElo "1566"]
[Annotator "NA RC"]
[PlyCount "72"]
[EventDate "2022.??.??"]
[TimeControl "60"]

1. d4 d5 2. Bf4 c5 3. c3 cxd4 4. cxd4 Nc6 5. e3 Nf6 6. Nc3 Bf5 7. a3 a6 8. h3 e6 9. Nf3 Bd6 10. Ne5 Qc7 11. Bd3 Bg6 12. Bxg6 hxg6 13. Rc1 Nxe5 14. dxe5 Bxe5 15. Bg5 Rc8 16. O-O O-O 17. f4 Bxc3 18.
Rxc3 Qb6 19. Rb3 Qc7 20. Qd4 Ne4 21. Bh4 b5 22. Rd1 Qc4 23.
Rb4 Qxd4 24. Rdxd4 Rc2 25. b3 Nd2 26. a4 Rc1+ 27. Kf2 Ne4+ 28. Kf3 Rfc8 29. axb5 R8c2 30. Rxe4 Rf1+ 31. Kg3 dxe4 32. b6 Rc8 33. Be7 Rd1 34. b7 Rb8 35. Rxe4 Rxb7 36. b4 Rxe7 0-1

[Event "44th Chess Olympiad Open 2022"]
[Site "Chennai"]
[Date "2022.08.05"]
[Round "7.89"]
[White "Guterres, Cosme"]
[Black "Nadan, Avinesh"]
[Result "1/2-1/2"]
[WhiteElo "1692"]
[BlackElo "1540"]
[Annotator "NA RC"]
[PlyCount "215"]
[EventDate "2022.??.??"]
[TimeControl "60"]

1. d4 d5 2. c3 Nf6 3. Nf3 Nc6 4. Bf4 h6 5. Nbd2 Bf5 6. e3 e6 7. Be2 Be7 8. h3 Ne4 9. Qa4 O-O 10. Rc1 Nb8 11. b4 Nd7 12. Nxe4 Bxe4 13. O-O c6 14. Nd2 Bh7 15. c4 dxc4 16. Rfe1 b5 17. Qd1 Bxb4 18. Rf1 Ba3 19. Nf3 Bxc1 20. Qxc1 Qa5 21. Bd6 Rfe8 22. a3 Qb6 23. Ne5 Nxe5 24. Bxe5 c5 25. dxc5 Qxc5 26. Bd4 Qc7 27. Qb2 e5 28. Bc3 Rab8 29. Rd1 a6 30. Bg4 Bd3 31. Re1 f5 32. Bh5 Re7 33. g3 Kh7 34. Qd2 g6 35.
Bf3 Rd7 36. Qb2 Re8 37. Ra1 e4 38. Bg2 g5 39. a4 Qb6 40.
axb5 Qxb5 41. Qc1 Be2 42. Bd4 Bd3 43. Bc3 Rb8 44. Kh2 Ra7 45.
Qa3 Rbb7 46. Qf8 Rb8 47. Qf6 Qd7 48. Ra5 Qf7 49. Qd6 Rb5 50.
Rxa6 Rxa6 51. Qxa6 Rb7 52. Qa8 f4 53. Bd4 fxg3+ 54. fxg3 Re7 55. Bc3 Re8 56. Qc6 Qe6 57. Qc7+ Re7 58. Qd8 Ra7 59. Qf8 Qf7 60. Qh8+ Kg6 61. Qe5 Ra2 62. Kh1 Rxg2 63. Kxg2 Bf1+ 64. Kg1 Bxh3 65. Qxe4+ Kh5 66. Kh2 Bd7 67. Kg1 Qe6 68. Qf3+ Kg6 69. Bd4 Bc6 70. Qf2 Qe4 71. Kf1 Qd3+ 72. Qe2 Qb1+ 73. Qe1 Qf5+ 74. Qf2 Qh3+ 75. Ke2 Qe6 76. Kd2 g4 77. Qf4 Bf3 78. Kc3 Be4 79. Kb4 Bd3 80. Kc3 Qf5 81. Qd6+ Kh5 82. Qc7 Be2 83. Kb4 Qf8+ 84. Bc5 Qf5 85. Bd4 Qb1+ 86. Kc5 Qf5+ 87. Kb4 Qe6 88. Kc3 Bf3 89. Qxc4 Qxc4+ 90. Kxc4 Kg5 91. Be5 Kf5 92. Kd4 h5 93. Bf4 Be4 94. Bb8 Bf3 95. Bc7 Bc6 96. Bd8 Bf3 97. Bh4 Bc6 98. Be7 Ke6 99. Bd8 Kd7 100. Bg5 Ke6 101. e4 Ba8 102. Ke3 Ke5 103. Bf4+ Kf6 104. Kd4 Ke6 105. Bb8 Bc6 106. Ke3 Be8 107. Kf4 Bf7 108. Be5 1/2-1/2